 Dungeon Crawl Stone Soup version 0.27-a0-1188-g73eefd5def (webtiles) character file.

Game seed: 2525627658746203811

13107 mordus the Severer (level 11, -2/82 HPs)
             Began as a Minotaur Berserker on May 20, 2021.
             Was a High Priest of Trog.
             Killed from afar by a fire dragon (44 damage)
             ... with a blast of flame
             ... on level 10 of the Dungeon.
             The game lasted 00:33:55 (9343 turns).

mordus the Severer (Minotaur Berserker)             Turns: 9343, Time: 00:33:57

Health: -2/82      AC: 18    Str: 23    XL:     11   Next: 71%
Magic:  10/10      EV: 10    Int:  4    God:    Trog [*****.]
Gold:   1266       SH:  0    Dex: 12    Spells: 10/10 levels left

rFire    . . .     SeeInvis .   M - +1 battleaxe
rCold    + . .     Faith    .   (shield currently unavailable)
rNeg     . . .     Spirit   .   N - +2 ice dragon scales
rPois    .         Reflect  .   (helmet restricted)
rElec    .         Harm     .   L - +1 cloak
rCorr    .         Rampage  .   (no gloves)
Will     +....                  (no boots)
Stlth    ..........             f - amulet of regeneration
HPRegen  1.23/turn              J - ring of fire
MPRegen  0.12/turn              K - ring of willpower

@: no status effects
A: horns 2, retaliatory headbutt
a: Renounce Religion, Berserk, Trog's Hand, Brothers in Arms


You were on level 10 of the Dungeon.
You worshipped Trog.
Trog was extremely pleased with you.
You visited 1 branch of the dungeon, and saw 11 of its levels.
You also visited: Sewer and Bailey.

You collected 1266 gold pieces.

Inventory:

Hand Weapons
 a - a +0 hand axe
 b - a +0 vorpal hand axe
 n - the +9 scimitar "Poapryn" {vorpal, rElec rCorr}
   (You found it on level 9 of the Dungeon)

   It inflicts extra damage upon your enemies.
   It insulates you from electricity.
   It protects you from acid and corrosion.
 x - a +0 war axe
 C - a +3 hand axe
 M - a +1 battleaxe (weapon)
Missiles
 H - 2 atropa-tipped darts
Armour
 p - a +0 kite shield
 I - a +0 chain mail
 L - a +1 cloak (worn)
 N - +2 ice dragon scales (worn)
Jewellery
 c - a +6 ring of intelligence
 f - an amulet of regeneration (around neck)
 g - a ring of magical power
 j - a ring of protection from cold
 q - a ring of wizardry
 t - an amulet of guardian spirit
 w - a ring of magical power
 J - a ring of fire (left hand)
 K - a ring of willpower (right hand)
Wands
 A - a wand of flame (19)
 P - a wand of iceblast (9)
 R - a wand of charming (6)
Scrolls
 e - a scroll of fog
 k - 2 scrolls of teleportation
 m - a scroll of silence
 o - 8 scrolls of identify
 v - a scroll of fear
 y - a scroll of enchant weapon
 F - a scroll of noise
 Q - a scroll of summoning
Potions
 d - 2 potions of degeneration
 h - 2 potions of invisibility {unknown}
 i - a potion of attraction {unknown}
 l - 2 potions of berserk rage {unknown}
 r - a potion of cancellation {unknown}
 s - 2 potions of lignification {unknown}
 u - 5 potions of flight {unknown}
 z - 9 potions of curing
 B - a potion of haste {unknown}
 D - a potion of might {unknown}
 E - a potion of heal wounds {unknown}
 G - a potion of resistance
Miscellaneous
 O - a box of beasts


   Skills:
 - Level 3.6 Fighting
 * Level 15.9 Axes
 + Level 11.8 Armour
 - Level 2.1 Dodging
 - Level 10.0 Shields


You had 10 spell levels left.
You didn't know any spells.
Your spell library contained the following spells:

 Spells                   Type           Power      Damage    Failure   Level
 Animate Skeleton         Necr           0%         N/A       80%         1
 Apportation              Tloc           0%         N/A       80%         1
 Corona                   Hex            0%         N/A       80%         1
 Magic Dart               Conj           0%         1d3       80%         1
 Pain                     Necr           0%         1d4       80%         1
 Shock                    Conj/Air       0%         1d3       80%         1
 Summon Small Mammal      Summ           0%         N/A       80%         1
 Blink                    Tloc           N/A        N/A       91%         2
 Call Imp                 Summ           0%         N/A       91%         2
 Searing Ray              Conj           0%         3d3       91%         2
 Slow                     Hex            0%         N/A       91%         2
 Static Discharge         Conj/Air       0%         N/A       91%         2
 Conjure Flame            Conj/Fire      0%         6-21      99%         3
 Dazzling Flash           Conj/Hex       0%         N/A       99%         3
 Mephitic Cloud           Conj/Pois/Air  0%         N/A       99%         3
 Swiftness                Air            0%         N/A       99%         3
 Vampiric Draining        Necr           0%         2d6       99%         3
 Airstrike                Air            0%         N/A       100%        4
 Animate Dead             Necr           0%         N/A       100%        4
 Fulminant Prism          Conj/Hex       0%         3d6       100%        4
 Iskenderun's Mystic Bla  Conj/Tloc      0%         2d3       100%        4
 Agony                    Necr           0%         N/A       100%        5
 Borgnjor's Vile Clutch   Necr/Erth      0%         N/A       100%        5
 Lightning Bolt           Conj/Air       0%         1d11      100%        5
 Death Channel            Necr           0%         N/A       100%        6
 Simulacrum               Ice/Necr       0%         N/A       100%        6


Dungeon Overview and Level Annotations

Branches:
Dungeon (11/15)            Temple (0/1) D:4            Lair (0/6) D:10
    Orc (0/2) D:10          Sewer (visited)          Bailey (visited)

Altars:
Ashenzari
Dithmenos
Elyvilon
Fedhas
Gozag
Hepliaklqana
Kikubaaqudgha
Makhleb
Trog
Vehumet
Xom
The Shining One

Annotations:
D:9 Prince Ribbit


Innate Abilities, Weirdness & Mutations

You have a pair of horns on your head.
You reflexively headbutt those who attack you in melee.


Message History

You headbutt the fire bat. You barely miss the fire bat.
The fire bat is lightly wounded.
The fire bat bites you but does no damage.
The fire bat misses you. The fire dragon breathes flames at you.
The blast of flame hits the fire bat.
The fire bat completely resists.
The blast of flame hits you!!
You hear a shout!
The fire bat bites you but does no damage. x2
The fire bat bites you.
You are engulfed in flames!
The fire bat bites you.
You are engulfed in flames!
The fire bat bites you but does no damage.
The fire bat bites you.
You are engulfed in flames.
The fire bat closely misses you.
There is a stone staircase leading up, spattered with blood here.
The fire bat bites you but does no damage.
You climb upwards.
There is a stone staircase leading down here.
You start resting.
HP restored.
You climb downwards.
The fire bat closely misses you.
The fire dragon bites you but does no damage.
The fire dragon claws you! The fire dragon tramples you!
You hold your ground!
The fire bat bites you but does no damage.
There is a stone staircase leading up, spattered with blood here.
The fire bat closely misses you.
The fire bat bites you but does no damage.
The fire dragon breathes flames at you. The blast of flame hits you!!
You climb upwards.
There is a stone staircase leading down here.
You slash the fire dragon! You headbutt the fire dragon.
The fire dragon is moderately wounded.
You slash the fire bat!
The fire bat bites you but does no damage.
The fire dragon breathes flames at you. The blast of flame hits you!!!
Ouch! That really hurt!
You die...

......#..#
########'###########
..#####...#........#
8.[)....8.))..#.##.#
.[#####...#...#.##.#
##)###'#.##.....##.#
##.[.##.##..##.##.#
#)>.##.##..##.##.#
##.).##.##.....@D.#
##'###'#.#####.b.###
..#####...##.......#
8.......8..........#
..#####...#........#
### ###'#.##...###
#.#.##.<.#
#...######
###########.#


You could see a fire dragon (catching breath) and a fire bat.

Vanquished Creatures
  7 two-headed ogres
  A gargoyle (D:10)
  3 trolls (D:10)
  Grinder (D:6)
  Sigmund (D:6)
  12 yaks
  A wyvern (D:8)
  A vampire (D:11)
  7 fire bats
  2 steam dragons
  Menkaure (D:7)
  Edmund (D:6)
  An acid dragon (D:10)
  A water moccasin (D:6)
  8 orc warriors
  Duvessa (D:6)
  A black bear (D:5)
  A hornet zombie (D:8)
  An ice beast (D:5)
  2 necrophages
  A centaur (D:4)
  2 phantoms
  4 kobold brigands
  2 bullfrogs
  3 scorpions
  11 killer bees
  A water moccasin skeleton (D:5)
  Dowan (D:6)
  A howler monkey (D:10)
  2 centaur zombies
  2 lava snakes (D:8)
  A quasit (D:5)
  A jelly (D:5)
  2 orc priests
  A bullfrog skeleton (D:7)
  9 orc wizards
  2 iguanas
  A hound skeleton (D:4)
  2 howler monkey skeletons
  6 adders
  9 gnolls
  2 river rats
  A shadow imp (D:6)
  A white imp (D:7)
  An ufetubus (D:6)
  An adder skeleton (D:4)
  A dart slug (D:2)
  61 orcs
  A bat (D:5)
  6 endoplasms
  4 giant cockroaches
  8 goblins
  7 hobgoblins
  22 jackals
  2 quokkas
  6 ball pythons
  4 frilled lizards
  A goblin skeleton (D:5)
  A goblin zombie (D:5)
  A hobgoblin zombie (D:5)
  19 kobolds
  2 kobold skeletons (D:5)
  A kobold zombie (D:5)
  3 orc skeletons (D:5)
  7 rats
  A fire vortex (D:8)
282 creatures vanquished.

Vanquished Creatures (collateral kills)
  A water moccasin (D:9)
1 creature vanquished.

Vanquished Creatures (others)
  An orc wizard (D:3)
  2 fire vortices (D:8)
3 creatures vanquished.

Grand Total: 286 creatures vanquished

Notes
Turn   | Place    | Note
-------+----------+-------------------------------------------
     0 | D:1      | mordus the Minotaur Berserker began the quest for the Orb.
     0 | D:1      | Reached XP level 1. HP: 19/19 MP: 0/0
     0 | D:1      | Noticed an iron dragon
     3 | D:1      | Noticed an ice dragon
     5 | D:1      | Noticed a shadow dragon
     6 | D:1      | Noticed an orb of fire
     9 | D:1      | Noticed an iron dragon
    12 | D:1      | Noticed a black draconian
    16 | D:1      | Noticed a shadow dragon
    18 | D:1      | Noticed an ice dragon
    18 | D:1      | Noticed an iron dragon
    18 | D:1      | Noticed an ice dragon
    20 | D:1      | Noticed an iron dragon
    20 | D:1      | Noticed a purple draconian
    22 | D:1      | Noticed a large abomination
    58 | D:1      | Reached skill level 4 in Axes
   184 | D:1      | Reached XP level 2. HP: 26/26 MP: 1/1
   445 | D:1      | Found a faded altar of an unknown god.
   784 | D:2      | Reached XP level 3. HP: 30/31 MP: 2/2
   917 | D:2      | Reached skill level 5 in Axes
   930 | D:2      | Reached XP level 4. HP: 15/39 MP: 3/3
  1213 | D:2      | Reached ** piety under Trog
  1452 | D:3      | Reached skill level 1 in Shields
  1557 | D:3      | Reached skill level 6 in Axes
  1557 | D:3      | Reached XP level 5. HP: 38/45 MP: 4/4
  1787 | D:3      | Found a blossoming altar of Fedhas.
  1787 | D:3      | Found a shimmering altar of Xom.
  2243 | D:4      | Noticed a centaur
  2252 | D:4      | Killed a centaur
  2253 | D:4      | Reached XP level 6. HP: 9/51 MP: 5/5
  2515 | D:4      | Found a staircase to the Ecumenical Temple.
  2811 | D:4      | Reached *** piety under Trog
  3126 | D:4      | Found a shadowy altar of Dithmenos.
  3126 | D:4      | Found an ancient bone altar of Kikubaaqudgha.
  3516 | D:5      | Entered Level 5 of the Dungeon
  3536 | D:5      | Reached skill level 7 in Axes
  3547 | D:5      | Found a glowing golden altar of the Shining One.
  3564 | D:5      | Reached skill level 5 in Armour
  3591 | D:5      | Found a glowing drain.
  3609 | Sewer    | Entered a sewer
  3689 | Sewer    | Reached XP level 7. HP: 23/57 MP: 6/6
  3740 | Sewer    | Found a white marble altar of Elyvilon.
  4000 | D:5      | Reached skill level 8 in Axes
  4414 | D:6      | Found a burning altar of Makhleb.
  4421 | D:6      | Reached **** piety under Trog
  4422 | D:6      | Reached skill level 9 in Axes
  4422 | D:6      | Reached XP level 8. HP: 64/64 MP: 7/7
  4514 | D:6      | Noticed Dowan
  4518 | D:6      | Noticed Duvessa
  4530 | D:6      | Killed Dowan
  4531 | D:6      | Reached skill level 5 in Shields
  4533 | D:6      | Killed Duvessa
  4579 | D:6      | Noticed Sigmund
  4597 | D:6      | Killed Sigmund
  4716 | D:6      | Noticed Edmund
  4733 | D:6      | Killed Edmund
  4734 | D:6      | Reached skill level 10 in Axes
  5012 | D:6      | Noticed Grinder
  5027 | D:6      | Killed Grinder
  5028 | D:6      | Reached XP level 9. HP: 70/70 MP: 8/8
  5221 | D:6      | Found a hazy altar of Hepliaklqana.
  5310 | D:6      | Identified the +4 quarterstaff of Fortitude {venom, Will+
                  | Str+2 Stlth+}
  5416 | D:7      | Found a radiant altar of Vehumet.
  5464 | D:7      | Reached skill level 11 in Axes
  5474 | D:7      | Noticed Menkaure
  5479 | D:7      | Killed Menkaure
  6589 | D:8      | Reached skill level 12 in Axes
  6814 | D:8      | Noticed a two-headed ogre
  6827 | D:8      | Killed a two-headed ogre
  6828 | D:8      | Reached XP level 10. HP: 77/77 MP: 9/9
  7018 | D:9      | Noticed a two-headed ogre
  7030 | D:9      | Killed a two-headed ogre
  7031 | D:9      | Reached skill level 13 in Axes
  7073 | D:9      | Found a broken altar of Ashenzari.
  7083 | D:9      | Noticed a two-headed ogre
  7092 | D:9      | Killed a two-headed ogre
  7123 | D:9      | Noticed Prince Ribbit
  7175 | D:9      | Noticed a two-headed ogre
  7183 | D:9      | Killed a two-headed ogre
  7184 | D:9      | Reached skill level 10 in Armour
  7239 | D:9      | Found a bloodstained altar of Trog.
  7304 | D:9      | Noticed a two-headed ogre
  7313 | D:9      | Killed a two-headed ogre
  7314 | D:9      | Reached skill level 14 in Axes
  7460 | D:9      | Found a flagged portal.
  7477 | Bailey   | Entered a bailey
  7512 | Bailey   | Reached XP level 11. HP: 74/82 MP: 10/10
  7814 | D:9      | Found an opulent altar of Gozag.
  7997 | D:9      | Reached skill level 10 in Shields
  8117 | D:9      | Identified the +9 scimitar "Poapryn" {vorpal, rElec rCorr}
  8256 | D:10     | Entered Level 10 of the Dungeon
  8480 | D:10     | Noticed a two-headed ogre
  8488 | D:10     | Killed a two-headed ogre
  8489 | D:10     | Reached skill level 15 in Axes
  8537 | D:10     | Reached ***** piety under Trog
  8564 | D:10     | Found a staircase to the Orcish Mines.
  8661 | D:10     | Found a staircase to the Lair.
  8815 | D:10     | Found a white marble altar of Elyvilon.
  8815 | D:10     | Noticed a two-headed ogre
  8823 | D:10     | Killed a two-headed ogre
  9287 | D:11     | Noticed a fire dragon
  9288 | D:11     | Found the +7 great mace "Firestarter" {inner flame, rF++}
  9343 | D:10     | Killed from afar by a fire dragon

Illustrated notes

Levels and vault maps discovered:
D:1:      shiori_arrival_whats_in_store_for_you, layout_rooms,
          shapermc_ecumenical_altar_hornbeckon
D:2:      wander_river, layout_loops_ring, kennysheep_cross_room
D:3:      layout_rooms, gammafunk_temple_overflow_wave, roderic_filled_cross,
          chequers_avenue
D:4:      layout_layer_cave, gammafunk_temple_overflow_elements,
          minmay_temple_entry_large_hall, st_stairs_11, roderic_three_in_a_row,
          chequers_serial_rivers_small_a
D:5:      layout_loops_ring, nicolae_tso_besieged_by_evil,
          cheibrodos_sewer_entry_sluice, supply_closet_lemuel, kennysheep_potato
D:6:      layout_cave_pools, bloody_makhleb, nicolae_hepliaklqana_hippocampus,
          serial_co_window_serial, co_window_corner_a, co_window_corner_a,
          co_window_corner_a, co_window_corner_a, co_window_corner_a,
          co_window_cross_2, co_window_unsneaky_path_c, co_window_cross_4,
          co_window_broadway_a, glass_columns_a, glass_columns_a,
          glass_columns_a, glass_columns_b, glass_columns_c, uniq_duvessa,
          uniq_sigmund, uniq_grinder, uniq_edmund
D:7:      layout_loops_ring, kennysheep_mini_moat, kennysheep_decorative_pillar,
          minivault_24, minmay_liquid_box, minmay_misc_feat_tower, uniq_menkaure
D:8:      layout_basic, hangedman_incinerator
D:9:      layout_loops_ring, nicolae_ashenzari_panopticon, lemuel_crystal_altar,
          kennysheep_little_box, enter_bailey_3, uniq_prince_ribbit1
D:10:     kennysheep_blocky_hall, layout_loops_cross,
          nicolae_elyvilon_peaceful_grove, lair_entry_dummy, hiddenorc2_lemuel
D:11:     minmay_firetagon, layout_loops_corners, enter_trove_1

Skill      XL: |  1  2  3  4  5  6  7  8  9 10 11 |
---------------+----------------------------------+-----
Axes           | 4 5 6 7 9 10 12 14 15 | 15.9
Armour         | 3 4 5 6 7 9 10 11 | 11.8
Shields        | 1 2 3 4 6 8 9 10 | 10.0
Fighting       | |  3.6
Dodging        | |  2.1

Action                   |  1- 3 |  4- 6 |  7- 9 | 10-12 || total
-------------------------+-------+-------+-------+-------++-------
Melee: Hand axe          |    52 |    63 |       |    96 ||   211
       Headbutt          |    11 |    19 |    47 |    81 ||   158
       War axe           |       |    97 |   244 |    80 ||   421
       Battleaxe         |       |       |       |   183 ||   183
Invok: Berserk           |     1 |       |     4 |       ||     5
       Trog's Hand       |       |       |     6 |     3 ||     9
  Use: Potion            |       |       |     1 |       ||     1
       Scroll            |       |       |       |    11 ||    11
Armor: Animal skin       |    13 |    40 |    15 |       ||    68
       Scale mail        |       |       |    17 |       ||    17
       Chain mail        |       |       |    68 |    54 ||   122
       Ice dragon scales |       |       |       |   119 ||   119
Dodge: Dodged            |    39 |    90 |    63 |   150 ||   342
Block: Kite shield       |       |    70 |   132 |   144 ||   346

Table legend: (Time is in decaauts)
 A = Elapsed time spent in this place.
 B = Non-inter-level travel time spent in this place.
 C = Inter-level travel time spent in this place.
 D = Time resting spent in this place.
 E = Time spent auto-exploring this place.
 F = Levels seen in this place.
 G = Mean time per level.
                   A        B        C        D        E       F      G
               +--------+--------+--------+--------+--------+-----+--------+
         Total |   9516 |   9165 |    351 |    546 |   6469 |  13 |  732.0 |
       Dungeon |   9022 |   8671 |    351 |    406 |   6400 |  11 |  820.2 |
         Sewer |    202 |    202 |      0 |     29 |     69 |   1 |  202.0 |
        Bailey |    292 |    292 |      0 |    111 |      0 |   1 |  292.0 |
               +--------+--------+--------+--------+--------+-----+--------+

Top non-repeatable levels by time:
     D:4: 1370 daAuts
     D:6: 1026 daAuts
    D:10: 1026 daAuts
     D:9: 956 daAuts
     D:8: 951 daAuts
     D:3: 838 daAuts
     D:2: 822 daAuts
     D:5: 750 daAuts
     D:7: 652 daAuts
     D:1: 572 daAuts
  Bailey: 292 daAuts
   Sewer: 202 daAuts
    D:11: 55 daAuts
